 Dungeon Crawl Stone Soup version 0.25.0-10-g039870ee82 (webtiles) character file.

Game seed: 16689405401972887191

22484 Delamore the Bludgeoner (level 13, -1/78 HPs)
             Began as a Gargoyle Fighter on June 23, 2020.
             Was the Champion of Okawaru.
             Engulfed by an ice statue's freezing vapour (6 damage)
             ... in an ice cave.
             The game lasted 00:21:38 (16350 turns).

Delamore the Bludgeoner (Gargoyle Fighter)         Turns: 16350, Time: 00:21:39

Health: -1/78      AC: 26    Str: 27    XL:     13   Next: 0%
Magic:  13/13      EV:  7    Int: 10    God:    Okawaru [******]
Gold:   457        SH: 12    Dex:  9    Spells: 12/12 levels left

rFire    . . .     SeeInvis +   D - +1 whip (flame)
rCold    + . .     Gourm    .   c - +0 kite shield
rNeg     + . .     Faith    +   s - +2 chain mail {rPois}
rPois    ∞         Spirit   .   m - +1 hat {SInv}
rElec    +         Reflect  .   u - +0 cloak
rCorr    .         Harm     .   M - +0 pair of gloves {Str+3}
MR       .....                  b - +1 pair of boots {Stlth+}
Stlth    ..........             A - amulet of faith
HPRegen  0.23/turn              F - ring of protection from fire
MPRegen  0.13/turn              z - ring of ice

@: no status effects
A: negative energy resistance 1, electricity resistance, unbreathing,
petrification resistance, rot immunity, AC +9
a: Heroism, Finesse, Renounce Religion


You were in an ice cave.
You worshipped Okawaru.
Okawaru was exalted by your worship.
You were very hungry.

You visited 3 branches of the dungeon, and saw 14 of its levels.
You also visited: Sewer and Ice Cave.

You collected 860 gold pieces.
You spent 403 gold pieces at shops.

Inventory:

Hand Weapons
 a - a +1 flail
 C - a +2 mace of venom
 D - a +1 whip of flaming (weapon)
 J - the +7 great mace "Kurymeod" {venom, rF+ rC- Int+6}
   (Okawaru gifted it to you on level 1 of the Lair of Beasts)

   It poisons the flesh of those it strikes.
   It affects your intelligence (+6).
   It protects you from fire.
   It makes you vulnerable to cold.
Missiles
 e - 12 javelins (quivered)
 v - 45 poisoned darts
 Q - 5 silver javelins
Armour
 b - a +1 pair of boots of stealth (worn)
 c - a +0 kite shield (worn)
 m - a +1 hat of see invisible (worn)
 q - a +2 helmet
 s - a +2 chain mail of poison resistance (worn)
 u - a +0 cloak (worn)
 M - a +0 pair of gloves of strength (worn)
Jewellery
 z - a ring of ice (right hand)
 A - an amulet of faith (around neck)
 F - a ring of protection from fire (left hand)
 I - an uncursed amulet of magic regeneration {unknown}
Wands
 n - a wand of disintegration (9)
 E - a wand of flame (9)
 G - a wand of clouds (7)
 H - a wand of paralysis (3)
Scrolls
 g - 5 scrolls of remove curse
 j - 6 scrolls of teleportation
 l - 2 scrolls of enchant armour
 p - a scroll of summoning
 w - 2 scrolls of magic mapping
 B - 3 scrolls of amnesia {unknown}
 L - a scroll of vulnerability {unknown}
Potions
 d - 3 potions of might
 h - 2 potions of berserk rage
 i - 3 potions of flight
 k - 2 potions of mutation
 o - 6 potions of lignification
 r - 5 potions of haste
 t - 2 potions of degeneration
 x - 3 potions of stabbing {unknown}
 N - a potion of cancellation {unknown}
 P - a potion of magic {unknown}
Miscellaneous
 K - a phial of floods (inert)
 R - a lightning rod (4/4)
Comestibles
 f - 20 rations


   Skills:
 + Level 7.8 Fighting
 - Level 17.2 Maces & Flails
 - Level 3.2 Armour
 + Level 10.4 Shields


You had 12 spell levels left.
You didn't know any spells.
Your spell library was empty.

Dungeon Overview and Level Annotations

Branches:
Dungeon (10/15)            Temple (1/1) D:4            Lair (3/6) D:9
 Spider (0/4) Lair:2        Sewer (visited)           IceCv (1/1)
  Swamp: Lair:2-4    Shoals: Lair:2-4       Orc: D:9-12

Altars:
Ashenzari
Cheibriados
Dithmenos
Elyvilon
Fedhas
Gozag
Hepliaklqana
Kikubaaqudgha
Makhleb
Nemelex Xobeh
Okawaru
Qazlal
Ru
Sif Muna
Trog
Uskayaw
Vehumet
Wu Jian
Xom
Yredelemnul
Zin
The Shining One

Shops:
D:6 [   D:8 !

Annotations:
Lair:1 2 transporters, Lekan's ghost, journeyman GnFi IceCv exclusion: 2 ice statues


Innate Abilities, Weirdness & Mutations

You are resistant to torment.
Your stone body is resilient. (AC +9)
You are immune to poison.
You resist negative energy. (rN+)
You are resistant to electric shocks. (rElec)
You can survive without breathing.
You are immune to petrification.
You are immune to rotting.


Message History

* * * LOW HITPOINT WARNING * * *
The ice beast hits you but does no damage.
You hit the ice statue but do no damage.
The ice statue is almost destroyed.
You are engulfed in freezing vapours.
You resist.
* * * LOW HITPOINT WARNING * * *
You block the ice beast's attack. x2
The ice statue gestures at you. The freezing blast engulfs you. You resist.
* * * LOW HITPOINT WARNING * * *
You block the ice beast's attack.
Evoke which item? (* to show all) (? for menu, Esc to quit)
Aiming: Throw Flame
Press: ? - help, Shift-Dir - straight line, f - ice statue
Aim: an ice statue (freezing vapour, almost destroyed)
The puff of flame hits the ice statue.
The ice statue is almost destroyed.
You hear a sizzling sound!
You are engulfed in freezing vapours.
You resist.
You die...

#### ##.#.### ####
##......8 #### ##..##
#......Y####..#####....#
#........##....##.......
#.....○.....#.......∩.∩.
#.....°.[.###..........
#....°Y○### ##..##....#
#...§Y@## ######..##
#..☼○YY8# #### ##..§☼○##
##....# ##..## ... ...#
##..


You could see 2 ice statues and 5 ice beasts.

Vanquished Creatures
  Gastronok (Lair:2)
  3 hydras
  Fannar (Lair:2)
  Urug (Lair:2)
  Pikel (D:9)
  An ugly thing (D:9)
  5 spiny frogs
  2 rime drakes (Lair:3)
  3 komodo dragons
  3 hippogriffs
  5 slime creatures (D:9)
  13 blink frogs
  Sigmund (D:3)
  2 redbacks (Lair:2)
  3 wyverns
  21 yaks
  3 water moccasins
  5 porcupines
  2 ice beasts
  2 orc warriors
  2 sky beasts
  2 slaves (D:9)
  2 black bears (D:9)
  2 phantoms
  2 necrophages
  2 centaurs
  3 ogres
  7 wolves
  7 crocodiles
  A big kobold (D:7)
  7 bullfrogs
  5 scorpions
  5 wights (D:7)
  6 howler monkeys
  2 crimson imps (D:9)
  A bullfrog zombie (D:6)
  2 jellies
  2 quasits
  2 bullfrog skeletons (D:9)
  2 orc priests
  7 hounds
  12 orc wizards
  An iguana (D:9)
  Terence (D:3)
  10 worker ants
  2 hound skeletons
  A worker ant zombie (D:9)
  Robin (D:3)
  2 gnolls (D:9)
  11 adders
  A river rat (D:6)
  3 shadow imps
  8 white imps (IceCv)
  3 ufetubi (IceCv)
  3 oozes
  2 adder zombies
  4 worms
  A dart slug (D:1)
  4 leopard geckos
  27 orcs
  A ball python (D:4)
  14 bats
  9 giant cockroaches
  14 goblins
  10 hobgoblins
  14 jackals
  5 quokkas
  7 frilled lizards
  6 kobolds
  A leopard gecko skeleton (D:8)
  A leopard gecko zombie (D:8)
  3 rats
331 creatures vanquished.

Vanquished Creatures (others)
  An orc wizard (D:9)
  2 white imps (IceCv)
  3 ufetubi (IceCv)
  A plant (Lair:3)
7 creatures vanquished.

Grand Total: 338 creatures vanquished

Notes
Turn   | Place    | Note
-------+----------+-------------------------------------------
     0 | D:1      | Delamore the Gargoyle Fighter began the quest for the Orb.
     0 | D:1      | Reached XP level 1. HP: 14/14 MP: 1/1
    49 | D:1      | Found a sparkling altar of Nemelex Xobeh.
    69 | D:1      | Reached XP level 2. HP: 19/19 MP: 2/2
    73 | D:1      | Reached skill level 3 in Maces & Flails
   201 | D:1      | Reached XP level 3. HP: 23/23 MP: 3/3
  1004 | D:2      | Reached skill level 4 in Maces & Flails
  1145 | D:2      | Noticed a phantom
  1170 | D:2      | Killed a phantom
  1170 | D:2      | Reached skill level 5 in Maces & Flails
  1170 | D:2      | Reached XP level 4. HP: 20/28 MP: 4/4
  1170 | D:2      | Reached XP level 5. HP: 22/32 MP: 5/5
  1735 | D:2      | Found a shadowy altar of Dithmenos.
  1735 | D:2      | Found an ancient bone altar of Kikubaaqudgha.
  1826 | D:3      | Noticed Terence
  1826 | D:3      | Noticed Robin
  2065 | D:3      | Killed Terence
  2065 | D:3      | Reached skill level 6 in Maces & Flails
  2085 | D:3      | Killed Robin
  2085 | D:3      | Reached XP level 6. HP: 28/37 MP: 6/6
  2322 | D:3      | Noticed Sigmund
  2380 | D:3      | Killed Sigmund
  2380 | D:3      | Reached skill level 7 in Maces & Flails
  3138 | D:4      | Reached XP level 7. HP: 41/41 MP: 7/7
  3577 | D:4      | Found a staircase to the Ecumenical Temple.
  3597 | Temple   | Entered the Ecumenical Temple
  3642 | Temple   | Became a worshipper of Warmaster Okawaru
  3755 | D:4      | Reached skill level 8 in Maces & Flails
  4078 | D:5      | Entered Level 5 of the Dungeon
  4476 | D:5      | Reached * piety under Okawaru
  4476 | D:5      | Reached skill level 9 in Maces & Flails
  4476 | D:5      | Reached XP level 8. HP: 41/46 MP: 8/8
  5526 | D:5      | Reached skill level 10 in Maces & Flails
  5552 | D:6      | Found Dem Ehul's Antique Armour Boutique.
  5561 | D:6      | Bought a runed chain mail for 187 gold pieces
  5683 | D:6      | Found a glowing drain.
  5695 | Sewer    | Entered a sewer
  6212 | D:6      | Reached ** piety under Okawaru
  6545 | D:6      | Reached skill level 11 in Maces & Flails
  6738 | D:6      | Reached XP level 9. HP: 35/51 MP: 9/9
  7801 | D:7      | Reached skill level 12 in Maces & Flails
  8090 | D:7      | Reached *** piety under Okawaru
  8607 | D:8      | Reached skill level 13 in Maces & Flails
  8804 | D:8      | Found Suoteoli's Distillery.
  8812 | D:8      | Bought a potion of lignification for 36 gold pieces
  8812 | D:8      | Bought a potion of flight for 36 gold pieces
  8812 | D:8      | Bought a potion of might for 48 gold pieces
  8812 | D:8      | Bought a potion of mutation for 96 gold pieces
  9008 | D:8      | Reached XP level 10. HP: 37/56 MP: 10/10
  9343 | D:8      | Found a hide-covered altar of Uskayaw.
  9515 | D:9      | Reached skill level 14 in Maces & Flails
  9564 | D:9      | Found a staircase to the Lair.
  9577 | D:9      | Reached **** piety under Okawaru
  9788 | D:9      | Noticed Pikel
  9837 | D:9      | Killed Pikel
  9837 | D:9      | Reached skill level 5 in Shields
  9940 | D:9      | Noticed a green ugly thing
  9964 | D:9      | Killed a green ugly thing
  9992 | D:9      | Reached skill level 5 in Fighting
 10286 | D:9      | Found a white marble altar of Elyvilon.
 10537 | D:10     | Entered Level 10 of the Dungeon
 10551 | D:9      | Reached ***** piety under Okawaru
 10734 | D:9      | Reached XP level 11. HP: 26/64 MP: 11/11
 11021 | Lair:1   | Entered Level 1 of the Lair of Beasts
 11365 | Lair:1   | Noticed a four-headed hydra
 11384 | Lair:1   | Killed a four-headed hydra
 11384 | Lair:1   | Received a gift from Okawaru
 11417 | Lair:1   | Got an ivory great mace {god gift}
 11522 | Lair:1   | Identified the +7 great mace "Kurymeod" {venom, rF+ rC-
                  | Int+6} (Okawaru gifted it to you on level 1 of the Lair of
                  | Beasts)
 11658 | Lair:1   | Found a transporter.
 11659 | Lair:1   | Noticed Lekan's ghost (journeyman GnFi)
 11669 | Lair:1   | Noticed an eight-headed hydra
 11678 | Lair:1   | Killed an eight-headed hydra
 11680 | Lair:1   | HP: 2/67 [porcupine's spines (8)]
 11971 | Lair:1   | Found a transporter.
 12277 | Lair:1   | Received a gift from Okawaru
 12554 | Lair:1   | Reached skill level 15 in Maces & Flails
 12720 | Lair:2   | Noticed an eight-headed hydra
 12725 | Lair:2   | HP: 3/67 [eight-headed hydra (7)]
 12736 | Lair:2   | HP: 3/67 [crocodile (8)]
 13107 | Lair:2   | Killed an eight-headed hydra
 13303 | Lair:2   | Reached XP level 12. HP: 57/72 MP: 12/12
 13532 | Lair:2   | Noticed Fannar
 13558 | Lair:2   | Killed Fannar
 13813 | Lair:2   | Received a gift from Okawaru
 13829 | Lair:2   | Reached skill level 16 in Maces & Flails
 13832 | Lair:2   | Got a smoking animal skin {god gift}
 14125 | Lair:2   | Identified the +0 animal skin of Wysch {MR+ Stlth+}
                  | (Okawaru gifted it to you on level 2 of the Lair of Beasts)
 14183 | Lair:2   | Noticed Gastronok
 14215 | Lair:2   | Killed Gastronok
 14773 | Lair:2   | Found a hole to the Spider Nest.
 14964 | Lair:2   | Noticed Urug
 14997 | Lair:2   | Killed Urug
 15347 | Lair:2   | Reached skill level 17 in Maces & Flails
 15729 | Lair:3   | Found a frozen archway.
 15818 | Lair:3   | Reached ****** piety under Okawaru
 15818 | Lair:3   | Reached skill level 10 in Shields
 16001 | Lair:3   | Received a gift from Okawaru
 16040 | Lair:3   | Reached XP level 13. HP: 27/78 MP: 13/13
 16120 | IceCv    | Entered an ice cave
 16350 | IceCv    | Engulfed by an ice statue's freezing vapour

Illustrated notes

Levels and vault maps discovered:
D:1:      giann_forest_graveyard, layout_basic,
          nemelex_xobeh_ov_fountains_minmay
D:2:      layout_basic, amethyst_overflow_temple_binary
D:3:      layout_basic, serial_glass, glass_columns_a, glass_columns_b,
          minmay_misc_feat_cross, uniq_sigmund, uniq_robin, uniq_terence
D:4:      layout_rooms, minmay_temple_entry_drinking_statues
D:5:      layout_layer_cave, first_ration
D:6:      layout_gridville, serial_shops, shop, gup_sewer_entry_bubbles
D:7:      layout_basic
D:8:      minmay_general_purpose_star, layout_rooms, kennysheep_mini_moat,
          serial_shops, shop
D:9:      wad_guarded_room, layout_gridville, nicolae_overflow_crystal_walls,
          lair_entry_dummy, minmay_diced_spiral, uniq_pikel
D:10:     layout_irregular_city, erik_orc_2, grunt_pizzeria,
          minmay_alternating_orb
Temple:   compressed_dpeg_circular_temple
Lair:1:   layout_long_grid, gammafunk_ghost_arena, minivault_27
Lair:2:   layout_gridlike, spider_nest_entry_webs, beast_lair_carwin_6,
          uniq_gastronok, uniq_fannar, uniq_urug
Lair:3:   layout_cave_pods, portal_ice_cave_rime, minivault_19,
          grunt_forest_small_clearings, chequers_serial_rivers_micro_d
IceCv:    ice_cave_small_demon

Skill      XL: |  1  2  3  4  5  6  7  8  9 10 11 12 |
---------------+-------------------------------------+-----
Maces & Flails | 3 5 6 7 9 11 13 14 15 17 | 17.2
Shields        | 7 9 10 | 10.4
Fighting       | 5 7 |  7.8
Armour         | |  3.2

Action                   |  1- 3 |  4- 6 |  7- 9 | 10-12 | 13-15 || total
-------------------------+-------+-------+-------+-------+-------++-------
Melee: Flail             |   130 |   213 |   677 |   137 |       ||  1157
       Mace              |       |    10 |       |    65 |       ||    75
       Whip              |       |       |       |   800 |    56 ||   856
       Great mace        |       |       |       |    69 |       ||    69
Throw: Javelin           |       |       |       |     4 |       ||     4
Invok: Heroism           |       |       |       |     1 |       ||     1
Evoke: Wand              |       |       |       |    10 |     1 ||    11
       Phial of floods   |       |       |       |     1 |       ||     1
  Use: Scroll            |       |     4 |     7 |     4 |       ||    15
       Potion            |       |     1 |       |     7 |     1 ||     9
 Stab: Confused          |       |       |       |     4 |       ||     4
  Eat: Chunk             |     1 |     7 |    16 |    16 |       ||    40
       Ration            |       |       |     1 |     2 |       ||     3
Armor: Scale mail        |    73 |   121 |   124 |       |       ||   318
       Chain mail        |       |       |   316 |   570 |    28 ||   914
Dodge: Dodged            |    49 |    68 |   170 |   224 |     9 ||   520
Block: Kite shield       |    94 |    90 |   345 |   381 |    20 ||   930
